 Dungeon Crawl Stone Soup version 0.30-b1-2-g02819fbbbe (webtiles) character file.

Game seed: 18027323021581764470

46 graymark the Shield-Bearer (level 3, -9/35 HPs)
             Began as a Gnoll Fighter on May 16, 2023.
             Was a Believer of Jiyva.
             Mangled by Crazy Yiuf
             ... wielding a +2 quarterstaff of chaos
              (22 damage)
             ... on level 2 of the Dungeon.
             The game lasted 00:05:06 (1377 turns).

graymark the Shield-Bearer (Gnoll Fighter)          Turns: 1377, Time: 00:05:07

Health: -9/35      AC:  7    Str: 17    XL:     3   Next: 68%
Magic:  4/4        EV:  9    Int:  7    God:    Jiyva [**....]
Gold:   57         SH:  0    Dex: 11    Spells: 4/4 levels left

rFire   . . .        a - +0 trident
rCold   . . .        c - +0 buckler
rNeg    . . .        b - +0 scale mail
rPois   .            (no helmet)
rElec   .            (no cloak)
rCorr   +            (no gloves)
SInv    .            (no boots)
Will    .....        (no amulet) Stlth
                     (no ring)
HPRegen 1.21/turn    (no ring)
MPRegen 0.39/turn

%: no passive effects
@: confused
A: fangs 1, strong nose, distributed training
a: Renounce Religion


You were on level 2 of the Dungeon.
You worshipped Jiyva.
Jiyva was pleased with you.
You visited 1 branch of the dungeon, and saw 2 of its levels.

You collected 57 gold pieces.

Inventory:

Hand Weapons
 a - a +0 trident (weapon)
Armour
 b - a +0 scale mail (worn)
 c - a +0 buckler (worn)
Magical Staves
 e - a staff of air
Scrolls
 f - a scroll of noise {unknown}
 g - a scroll of enchant weapon {unknown}
 h - a scroll of blinking {unknown}
Potions
 d - a potion of might


   Skills:
 + Level 6.5 Fighting
 + Level 1.0 Short Blades
 + Level 1.0 Long Blades
 + Level 1.0 Axes
 + Level 1.0 Maces & Flails
 + Level 4.6 Polearms
 + Level 1.0 Staves
 + Level 1.0 Ranged Weapons
 + Level 1.0 Throwing
 + Level 6.5 Armour
 + Level 1.0 Dodging
 + Level 1.0 Stealth
 + Level 6.5 Shields
 + Level 1.0 Unarmed Combat
 + Level 1.0 Spellcasting
 + Level 0.7 Conjurations
 + Level 0.7 Hexes
 + Level 0.7 Summonings
 + Level 0.7 Necromancy
 + Level 0.7 Translocations
 + Level 0.7 Transmutations
 + Level 0.7 Fire Magic
 + Level 0.7 Ice Magic
 + Level 0.7 Air Magic
 + Level 0.7 Earth Magic
 + Level 0.7 Poison Magic
 + Level 1.0 Invocations
 + Level 1.0 Evocations


You had 4 spell levels left.
You didn't know any spells.
Your spell library contained the following spells:

 Spells                   Type           Power      Damage    Failure   Level
 Beastly Appendage        Tmut           2%         N/A       75%         1
 Wereblood                Tmut           1%         N/A       87%         2
 Gell's Gravitas          Tloc           1%         N/A       98%         3
 Spider Form              Tmut/Pois      1%         N/A       98%         3
 Teleport Other           Tloc           1%         N/A       98%         3
 Dispersal                Tloc           0%         N/A       100%        6


Dungeon Overview and Level Annotations

Branches:
Dungeon (2/15)

Altars:
Trog
Jiyva

Shops:
D:1 !

Annotations:
D:2 Crazy Yiuf


Innate Abilities, Weirdness & Mutations

You have very sharp teeth.
Your uncanny sense of smell can sniff out nearby items.
Your experience applies equally to all skills.


Message History

t - Bark!
Orders for allies: a - Attack new target. r - Retreat! s - Stop attacking. g - Guard the area. f - Follow me.
Anything else - Cancel.
Follow me!
Jiyva gurgles merrily.
Crazy Yiuf says, "Mugger!"
Crazy Yiuf laughs, "Blight light hog!"
Press: ? - help, v - describe, . - travel
Here: Crazy Yiuf, wielding a +2 quarterstaff of chaos and wearing a +0 cloak (fire blocked by a runed translucent door)
The floor.
You open the door. You hit Crazy Yiuf. You bite Crazy Yiuf, but do no damage.
Crazy Yiuf is lightly wounded.
Crazy Yiuf hits you with a +2 quarterstaff of chaos.
Crazy Yiuf burns you.
Reach: a) +0 trident
Press: ? - help, Dir - move target, f - Crazy Yiuf
Aim: Crazy Yiuf, wielding a +2 quarterstaff of chaos and wearing a +0 cloak (lightly wounded, about 36% to evade your +0 trident)
Okay, then.
Crazy Yiuf attacks as you move away!
Crazy Yiuf hits you with a +2 quarterstaff of chaos.
Crazy Yiuf cries, "Action hand arm!"
Crazy Yiuf attacks as you move away!
Crazy Yiuf hits you with a +2 quarterstaff of chaos.
Crazy Yiuf burns you.
Crazy Yiuf sings, "Trees, trees, trees, circus!"
Crazy Yiuf grits, "Action dark return to song!"
Crazy Yiuf attacks as you move away!
Crazy Yiuf hits you with a +2 quarterstaff of chaos!
You resist with some effort. Crazy Yiuf attacks as you move away!
Crazy Yiuf barely misses you. Crazy Yiuf attacks as you move away!
Crazy Yiuf hits you with a +2 quarterstaff of chaos.
You are confused.
Crazy Yiuf hits you with a +2 quarterstaff of chaos!
Space warps horribly around you!!
Ouch! That really hurt!
You die...

#........#.# ##..####..##..##..#
.........#.####..#####.J.........
.........#.#.....##.....########.
#8...8.......###.##.###.# #.
...8....##...# #....# #.# #.
........##..>######.###.### #.
........######.....J......######.
#.......# #.g..........'......
.#......# ####..@.........#######
#.#.....###...............#
##.#....##..##............#
###.#...##.################ #
##.#..#..# # ##.#.#.###♣♣♣♣♣ #
##.##.#..P.♣.♣♣♣ ### #
####.......♣..♣#...#
#....PP♣♣♣♣.'...#


You could see Crazy Yiuf and a neutral jelly (wandering) (fellow slime).

Vanquished Creatures
  2 worms (D:2)
  3 dart slugs
  2 endoplasms (D:1)
  2 giant cockroaches
  5 goblins
  2 hobgoblins (D:1)
  2 quokkas
  4 ball pythons
  4 bats
  2 frilled lizards
  4 kobolds
  2 rats
34 creatures vanquished.

Vanquished Creatures (others)
  A jelly (D:2)
  A goblin (D:2)
  A hobgoblin (D:2)
  A quokka (D:2)
  2 rats (D:2)
  A fungus (D:2)
7 creatures vanquished.

Grand Total: 41 creatures vanquished

Notes
Turn   | Place    | Note
-------+----------+-------------------------------------------
     0 | D:1      | graymark the Gnoll Fighter began the quest for the Orb.
     0 | D:1      | Reached XP level 1. HP: 23/23 MP: 1/1
   133 | D:1      | Reached XP level 2. HP: 29/29 MP: 2/2
   172 | D:1      | Found Tuemeu's Distillery.
   330 | D:1      | Found a faded altar of an unknown god.
   355 | D:1      | Prayed at the altar of an unknown god.
   355 | D:1      | Became a worshipper of Jiyva Jyagg the Shapeless
   355 | D:1      | Reached * piety under Jiyva
   433 | D:1      | Reached XP level 3. HP: 35/35 MP: 3/3
   656 | D:2      | Reached skill level 1 in Invocations
   738 | D:2      | Reached ** piety under Jiyva
   781 | D:2      | Found a bloodstained altar of Trog.
  1020 | D:2      | Reached skill level 1 in Short Blades
  1020 | D:2      | Reached skill level 1 in Long Blades
  1020 | D:2      | Reached skill level 1 in Axes
  1020 | D:2      | Reached skill level 1 in Maces & Flails
  1020 | D:2      | Reached skill level 1 in Staves
  1020 | D:2      | Reached skill level 1 in Ranged Weapons
  1020 | D:2      | Reached skill level 1 in Throwing
  1020 | D:2      | Reached skill level 1 in Dodging
  1020 | D:2      | Reached skill level 1 in Stealth
  1020 | D:2      | Reached skill level 1 in Unarmed Combat
  1020 | D:2      | Reached skill level 1 in Spellcasting
  1020 | D:2      | Reached skill level 1 in Evocations
  1083 | D:2      | Found a runed translucent door.
  1086 | D:2      | Noticed Crazy Yiuf
  1377 | D:2      | Mangled by Crazy Yiuf

Illustrated notes

Levels and vault maps discovered:
D:1:      minmay_arrival_shattered_statue, layout_basic, serial_shops, shop,
          ebering_ecumenical_altar_abandoned
D:2:      wad_pebble_path, layout_basic, basic_altar, palyth_stone_intersect,
          uniq_crazy_yiuf_cottage

Skill      XL: |  1  2  3 |
---------------+----------+-----
Invocations    | 1 |  1.0
Short Blades   | 1 |  1.0
Long Blades    | 1 |  1.0
Axes           | 1 |  1.0
Maces & Flails | 1 |  1.0
Staves         | 1 |  1.0
Ranged Weapons | 1 |  1.0
Throwing       | 1 |  1.0
Dodging        | 1 |  1.0
Stealth        | 1 |  1.0
Unarmed Combat | 1 |  1.0
Spellcasting   | 1 |  1.0
Evocations     | 1 |  1.0
Fighting       | |  6.5
Polearms       | |  4.6
Armour         | |  6.5
Shields        | |  6.5
Conjurations   | |  0.7
Hexes          | |  0.7
Summonings     | |  0.7
Necromancy     | |  0.7
Translocations | |  0.7
Transmutations | |  0.7
Fire Magic     | |  0.7
Ice Magic      | |  0.7
Air Magic      | |  0.7
Earth Magic    | |  0.7
Poison Magic   | |  0.7

Action                     || total
---------------------------++-------
  Melee: Trident           ||    92
         Bite              ||     5
 Armour: Scale mail        ||    23
  Dodge: Dodged            ||    17
  Block: Buckler           ||    10
